 Dungeon Crawl Stone Soup version 0.21.1-1-g345015f (webtiles) character file.

68 inc the Sneak (level 4, 18/18 HPs)
             Began as a Felid Enchanter on Feb 25, 2018.
             Was a Believer of Lugonu.
             Quit the game on level 3 of the Dungeon.
             The game lasted 00:05:24 (2360 turns).

inc the Sneak (Felid Enchanter)                     Turns: 2360, Time: 00:05:25

Health: 18/18      AC:  1    Str:  4    XL:     4   Next: 1%
Magic:  8/8        EV: 18    Int: 17    God:    Lugonu [**....]
Gold:   74         SH:  0    Dex: 16    Spells: 4/7 levels left
                                        Lives:  1   Deaths: 0

rFire    . . .     SeeInvis +     - Unarmed
rCold    . . .     Gourm    .   (shield unavailable)
rNeg     . . .     Faith    .   (armour unavailable)
rPois    .         Spirit   .   (helmet unavailable)
rElec    .         Reflect  .   (cloak unavailable)
rCorr    .         Harm     .   (gloves unavailable)
MR       .....                  (boots unavailable)
Stlth    +++.......             (no amulet)
HPRegen  0.06/turn              (no ring)
MPRegen  0.11/turn              (no ring)

@: quick
A: very small, no armour, no weapons or thrown items, stealth, claws 1, fangs 3,
see invisible, carnivore, speed 1, shaggy fur 1, slow metabolism 1, sharp paws
a: Depart the Abyss, Bend Space, Renounce Religion


You were on level 3 of the Dungeon.
You worshipped Lugonu.
Lugonu was pleased with you.
You were not hungry.

You visited 1 branch of the dungeon, and saw 3 of its levels.

You collected 74 gold pieces.

Inventory:

Scrolls
 e - a scroll of magic mapping {unknown}
 g - a scroll of identify {unknown}
 i - a scroll of enchant weapon {unknown}
 j - a scroll of enchant armour {unknown}
 k - a scroll of teleportation {unknown}
Potions
 c - a potion of agility {unknown}
 d - a potion of degeneration {unknown}
 f - a potion of might {unknown}
 h - a potion of resistance {unknown}
Books
 a - a book of Maledictions

   Spells                             Type                      Level
   a - Corona                         Hexes                        1
   b - Ensorcelled Hibernation        Hexes/Ice                    2
   c - Confuse                        Hexes                        3
   d - Tukima's Dance                 Hexes                        3
   e - Dazzling Spray                 Conjuration/Hexes            3
Comestibles
 b - 4 rations


   Skills:
 - Level 2.6 Dodging
 - Level 4.5 Stealth
 + Level 3.6 Unarmed Combat
 - Level 2.0 Spellcasting
 - Level 4.4 Hexes


You had 4 spell levels left.
You knew the following spells:

 Your Spells              Type           Power        Failure   Level  Hunger
a - Corona                Hex            ###....      3%          1    #......
b - Ensorcelled Hibernat  Hex/Ice        #.....       12%         2    ###....


Dungeon Overview and Level Annotations

Branches:
Dungeon (3/15)

Altars:
Lugonu


Innate Abilities, Weirdness & Mutations

You cannot wear armour.
You are incapable of wielding weapons or throwing items.
Your paws allow you to move quietly. (Stealth)
You have sharp claws.
You have razor-sharp teeth.
You have supernaturally acute eyesight. (SInv)
You are carnivorous and can eat meat at any time.
You cover ground quickly.
You are covered in fur. (AC +1)
You have a slow metabolism.
Your sharp claws are effective at attacking unaware monsters.


Message History

You have reached level 4!
Extra life!
Found 25 stones.
Okay, then.
Unknown command.
Partly explored, can't reach some items and places.
Partly explored, can't reach some items and places.
(D) Dungeon
Where to? (Enter - D:2, ? - help)
There is a stone staircase leading down here.
You climb downwards.
A rat comes into view.
Found 26 sling bullets.
There is a stone staircase leading up here.
A rat is nearby!
Found a scroll labeled MIUR GAICENEKIOT.
You pounce on the unaware helpless rat!
You claw the rat!
You kill the rat!
Lugonu accepts your kill.
Are you sure you want to abandon this character and quit the game? (Confirm with "yes".)

#. #.. #. #.# #?
#.# #. #.# #. #.#
#. #.#
#.####.#####.#
#.@....<....(#
............#######
#############


There were no monsters in sight!

Vanquished Creatures
  2 adders (D:2)
  An ooze (D:1)
  A dart slug (D:1)
  2 leopard geckos (D:1)
  An orc (D:2)
  7 bats
  A giant cockroach (D:1)
  7 goblins
  5 hobgoblins
  A jackal (D:2)
  A ball python (D:1)
  3 frilled lizards (D:2)
  4 kobolds
  6 rats
42 creatures vanquished.

Vanquished Creatures (others)
  A goblin (D:2)
  A jackal (D:2)
  A kobold (D:2)
  A rat (D:2)
4 creatures vanquished.

Grand Total: 46 creatures vanquished

Notes
Turn   | Place    | Note
-------+----------+-------------------------------------------
     0 | D:1      | inc the Felid Enchanter began the quest for the Orb.
     0 | D:1      | Reached XP level 1. HP: 7/7 MP: 4/4
   245 | D:1      | Reached XP level 2. HP: 2/11 MP: 4/6
  1015 | D:1      | Learned a level 2 spell: Ensorcelled Hibernation
  1374 | D:1      | Reached XP level 3. HP: 5/14 MP: 0/7
  2163 | D:2      | Found a faded altar of an unknown god.
  2243 | D:2      | Became a worshipper of Lugonu the Unformed
  2243 | D:2      | Reached * piety under Lugonu
  2243 | D:2      | Reached ** piety under Lugonu
  2279 | D:2      | Reached XP level 4. HP: 18/18 MP: 8/8
  2360 | D:3      | Quit the game

Skill      XL: |  1  2  3 |
---------------+----------+-----
Unarmed Combat | 2 3 |  3.6
Dodging        | |  2.6
Stealth        | |  4.5
Spellcasting   | |  2.0
Hexes          | |  4.4

Action                   |  1- 3 |  4- 6 || total
-------------------------+-------+-------++-------
Melee: Unarmed           |   100 |     1 ||   101
       Bite              |     6 |       ||     6
       Punch             |     1 |       ||     1
 Cast: Corona            |     5 |       ||     5
       Ensorcelled Hiber |    24 |       ||    24
 Stab: Sleeping          |    23 |     1 ||    24
  Eat: Chunk             |     4 |       ||     4
Armor: Skin              |     7 |       ||     7
Dodge: Dodged            |    97 |       ||    97
